 Dungeon Crawl Stone Soup version 0.27.1-3-gb3d3a73c9e (webtiles) character file.

Game seed: 3319398891372780869

471 H0rd4k the Covered (level 7, 0/51 HPs)
             Began as a Human Artificer on Oct 7, 2021.
             Slain by a black bear (2 damage)
             ... on level 5 of the Dungeon.
             The game lasted 00:06:33 (5381 turns).

H0rd4k the Covered (Human Artificer)                Turns: 5381, Time: 00:06:34

Health: 0/51       AC:  4    Str: 13    XL:     7   Next: 31%
Magic:  7/7        EV: 16    Int: 13    God:
Gold:   179        SH:  0    Dex: 13    Spells: 6/6 levels left

rFire    . . .     SeeInvis .   n - +2 dagger (venom)
rCold    . . .     Faith    +   (no shield)
rNeg     . . .     Spirit   .   b - +0 leather armour
rPois    .         Reflect  .   i - +0 helmet
rElec    .         Harm     .   (no cloak)
rCorr    .         Rampage  .   (no gloves)
Will     .....                  (no boots)
Stlth    ++........             l - amulet of faith
HPRegen  0.17/turn              k - +4 ring of evasion
MPRegen  0.10/turn              (no ring)

@: no status effects
A: no striking features
a: no special abilities


You were on level 5 of the Dungeon.
You visited 1 branch of the dungeon, and saw 5 of its levels.
You also visited: Sewer.

You collected 179 gold pieces.

Inventory:

Hand Weapons
 f - a +2 dagger of speed
 n - a +2 dagger of venom (weapon)
Missiles
 z - 15 poisoned darts
Armour
 b - a +0 leather armour (worn)
 i - a +0 helmet (worn)
Magical Staves
 o - a staff of poison
Jewellery
 k - a +4 ring of evasion (left hand)
 l - an amulet of faith (around neck)
Wands
 c - a wand of flame (8) (quivered)
 d - a wand of charming (13)
Scrolls
 h - a scroll of noise {unknown}
 j - 2 scrolls of amnesia {unknown}
 m - a scroll of immolation {unknown}
 p - a scroll of enchant armour {unknown}
 q - a scroll of enchant weapon {unknown}
 t - a scroll of fear {unknown}
 x - a scroll of acquirement {unknown}
 y - 3 scrolls of identify {unknown}
 D - a scroll of torment {unknown}
Potions
 a - a potion of flight {unknown}
 g - 2 potions of lignification {unknown}
 r - 3 potions of cancellation {unknown}
 s - 2 potions of might {unknown}
 u - a potion of mutation {unknown}
 v - a potion of invisibility {unknown}
 w - 2 potions of haste {unknown}
 A - a potion of resistance {unknown}
 B - a potion of curing {unknown}
 C - a potion of degeneration {unknown}
Miscellaneous
 e - a piece from Xom's chessboard (15/15)


   Skills:
 + Level 2.8 Fighting
 + Level 3.6 Short Blades
 + Level 3.9 Armour
 + Level 3.0 Dodging
 + Level 1.7 Stealth
 + Level 3.7 Evocations


You had 6 spell levels left.
You didn't know any spells.
Your spell library contained the following spells:

 Spells                   Type           Power      Damage    Failure   Level
 Beastly Appendage        Tmut           0%         N/A       36%         1
 Wereblood                Tmut           0%         N/A       50%         2
 Dazzling Flash           Conj/Hex       0%         N/A       75%         3
 Spider Form              Tmut/Pois      0%         N/A       75%         3
 Agony                    Necr           0%         N/A       100%        5
 Silence                  Hex/Air        0%         N/A       100%        5


Dungeon Overview and Level Annotations

Branches:
Dungeon (5/15)              Sewer (visited)
 Temple: D:4-7

Altars:
Sif Muna
Wu Jian

Annotations:
D:3 exclusion: zombie


Message History

The black bear looks as sick as possible!
The black bear is heavily wounded.
The black bear barely misses you.
The black bear claws you but does no damage.
The black bear completely misses you.
You hit the black bear.
The black bear looks as sick as possible!
The black bear is severely wounded.
The black bear goes berserk!
You closely miss the black bear.
The black bear is severely wounded.
The black bear completely misses you. x2; The black bear closely misses you.
You hit the black bear but do no damage.
The black bear looks as sick as possible!
The black bear is almost dead.
The black bear bites you!
* * * LOW HITPOINT WARNING * * *
The black bear misses you.
The black bear claws you but does no damage.
You barely miss the black bear.
The black bear is almost dead.
The black bear closely misses you. The black bear misses you. x2
The black bear closely misses you. The black bear completely misses you.
The black bear claws you but does no damage.
You barely miss the black bear.
The black bear is almost dead.
The black bear closely misses you. The black bear misses you.
The black bear closely misses you.
You hit the black bear but do no damage.
The black bear looks as sick as possible!
The black bear is almost dead.
The black bear bites you!
* * * LOW HITPOINT WARNING * * *
The black bear claws you.
* * * LOW HITPOINT WARNING * * *
The black bear claws you.
* * * LOW HITPOINT WARNING * * *
The black bear barely misses you. The black bear misses you.
The black bear claws you.
You die...

....###.......
.............
##....##.....#
#.....#......#
##<....#......##
#..........#...#
###........#.#.#
#...#........##
###†##.@......#
#.##.h......#
.####.†...... ..
......... ...
.####..... ##..
.. ..[.. #....
.... #.... ##..
... ..


You could see a black bear (berserk, extremely poisoned).

Vanquished Creatures
  2 ogres (D:4)
  A kobold brigand (Sewer)
  A scorpion (D:5)
  A hound (D:5)
  2 iguanas
  6 adders
  A worm (D:2)
  A dart slug (D:1)
  2 orcs
  9 ball pythons
  6 endoplasms
  7 giant cockroaches
  9 goblins
  8 hobgoblins
  16 kobolds
  A quokka (D:2)
  14 bats
  2 frilled lizards (D:1)
  6 rats
95 creatures vanquished.

Vanquished Creatures (collateral kills)
  4 orcs (D:4)
  2 goblins (D:4)
  3 kobolds (Sewer)
9 creatures vanquished.

Vanquished Creatures (others)
  A plant (Sewer)
1 creature vanquished.

Grand Total: 105 creatures vanquished

Notes
Turn   | Place    | Note
-------+----------+-------------------------------------------
     0 | D:1      | H0rd4k the Human Artificer began the quest for the Orb.
     0 | D:1      | Reached XP level 1. HP: 15/15 MP: 1/1
   263 | D:1      | Reached XP level 2. HP: 21/21 MP: 2/2
   741 | D:1      | Reached XP level 3. HP: 26/26 MP: 3/3
  1293 | D:2      | Reached skill level 1 in Short Blades
  1530 | D:2      | Reached XP level 4. HP: 33/33 MP: 4/4
  1547 | D:2      | Found a faded altar of an unknown god.
  2191 | D:3      | You fall into a shaft and drop 1 floor!
  2309 | D:3      | Reached XP level 5. HP: 29/38 MP: 5/5
  2334 | D:3      | Found a glowing drain.
  2355 | Sewer    | Entered a sewer
  3160 | Sewer    | Noticed a kobold brigand
  3196 | Sewer    | Killed a kobold brigand
  4093 | D:3      | Reached XP level 6. HP: 37/45 MP: 6/6
  4431 | D:4      | Found a shimmering blue altar of Sif Muna.
  4573 | D:4      | Noticed an ogre
  4601 | D:4      | Killed an ogre
  4972 | D:4      | Noticed an ogre
  4979 | D:4      | Killed an ogre
  4980 | D:4      | Reached XP level 7. HP: 32/51 MP: 7/7
  5105 | D:4      | Found an ornate altar of the Wu Jian Council.
  5343 | D:5      | Entered Level 5 of the Dungeon
  5380 | D:5      | HP: 2/51 [black bear (2)]
  5381 | D:5      | Slain by a black bear

Illustrated notes

Levels and vault maps discovered:
D:1:      dpeg_arrival_arbitrary_a, layout_loops_ring, minmay_misc_feat_hallway
D:2:      layout_basic, chequers_ecumenical_altar_twisty,
          kennysheep_another_room
D:3:      layout_basic, portal_sewer_entry_d, kennysheep_generic_room_12
D:4:      layout_basic, led_sif_pool, nzn_wu_jian_council_hall,
          amcnicky_mini_rare_corridor_liquid, grunt_ministairs_6
D:5:      layout_cave_pools, lemuel_doored_altar, amcnicky_altar_gilded

Skill      XL: |  1  2  3  4  5  6  7 |
---------------+----------------------+-----
Short Blades   | 1 2 3 |  3.6
Fighting       | 2 |  2.8
Dodging        | 2 3 |  3.0
Armour         | 3 |  3.9
Stealth        | |  1.7
Evocations     | |  3.7

Action                   |  1- 3 |  4- 6 |  7- 9 || total
-------------------------+-------+-------+-------++-------
Melee: Club              |    19 |       |       ||    19
       Dagger            |    82 |   236 |    24 ||   342
Evoke: Wand              |     6 |     3 |       ||     9
 Stab: Sleeping          |     1 |       |       ||     1
Armor: Leather armour    |    39 |    45 |    11 ||    95
Dodge: Dodged            |    80 |   203 |    29 ||   312
